 Dungeon Crawl Stone Soup version 0.21.1-1-g345015f (webtiles) character file.

193 letownia2 the Destroyer (level 5, 28/28 HPs)
             Began as a Tengu Conjurer on Mar 5, 2018.
             Quit the game in the Ecumenical Temple.
             The game lasted 00:04:45 (1047 turns).

letownia2 the Destroyer (Tengu Conjurer)            Turns: 1047, Time: 00:04:46

Health: 28/28      AC:  2    Str:  6    XL:     5   Next: 72%
Magic:  9/9        EV: 12    Int: 19    God:
Gold:   19         SH:  0    Dex: 14    Spells: 2/8 levels left

rFire    . . .     SeeInvis .   l - +4 dagger (elec)
rCold    . . .     Gourm    .   (no shield)
rNeg     . . .     Faith    .   a - +0 robe
rPois    .         Spirit   .   (helmet restricted)
rElec    .         Reflect  .   (no cloak)
rCorr    .         Harm     .   (no gloves)
MR       .....     Rnd*Rage +   (boots unavailable)
Stlth    ++........             (no amulet)
HPRegen  0.09/turn              (no ring)
MPRegen  0.11/turn              (no ring)

@: no status effects
A: beak, talons 3, berserk 1, clever 1, inhibited regeneration, weak 1, able to
fly 1
a: Fly


You were in the Ecumenical Temple.
You were hungry.

You visited 2 branches of the dungeon, and saw 5 of its levels.

You collected 19 gold pieces.

Inventory:

Hand Weapons
 e - a +0 dagger
 l - a +4 dagger of electrocution (weapon)
Missiles
 h - 2 tomahawks (quivered)
Armour
 a - a +0 robe (worn)
 j - a +0 ring mail
Jewellery
 i - an uncursed ring of wizardry {unknown}
Scrolls
 d - 2 scrolls of remove curse {unknown}
 g - a scroll of identify {unknown}
 k - a scroll of teleportation {unknown}
 m - a scroll of amnesia {unknown}
Potions
 n - a potion of curing {unknown}
Books
 b - a book of Conjurations

   Spells                             Type                      Level
   a - Magic Dart                     Conjuration                  1
   b - Searing Ray                    Conjuration                  2
   c - Dazzling Spray                 Conjuration/Hexes            3
   d - Fulminant Prism                Conjuration/Hexes            4
   e - Force Lance                    Conjuration/Translocation    4
   f - Iskenderun's Mystic Blast      Conjuration                  4
Comestibles
 c - 4 rations
 f - 3 chunks of flesh


   Skills:
 - Level 2.1 Dodging
 - Level 2.0 Stealth
 - Level 2.0 Spellcasting
 + Level 9.0 Conjurations


You had 2 spell levels left.
You knew the following spells:

 Your Spells              Type           Power        Failure   Level  Hunger
a - Magic Dart            Conj           ####         1%          1    #......
l - Searing Ray           Conj           #####.       1%          2    ###....
x - Dazzling Spray        Conj/Hex       ###...       8%          3    ###....


Dungeon Overview and Level Annotations

Branches:
Dungeon (4/15)             Temple (1/1) D:4

Altars:
Ashenzari
Dithmenos
Elyvilon
Hepliaklqana
Kikubaaqudgha
Nemelex Xobeh
Okawaru
Ru
Trog
Uskayaw
Yredelemnul
Zin

Annotations:
D:3 Sigmund


Innate Abilities, Weirdness & Mutations

You have a beak for a mouth.
You have claws for feet.
You can fly.
You tend to lose your temper in combat.
Your mind is acute. (Int +2)
You do not regenerate when monsters are visible.
You are weak. (Str -2)


Message History

d - 2 scrolls labeled FUOMEU ROOPUUFF (gained 1)
There is a stone staircase leading up here.
Found a staircase to the Ecumenical Temple.
There is a staircase to the Ecumenical Temple here.
You climb downwards.
Welcome to the Ecumenical Temple!
There is a staircase back to the Dungeon here.
Unknown command.
Found a shattered altar of Ashenzari and an iron altar of Okawaru.
Unknown command.
Unknown command.
Found a hide-covered altar of Uskayaw and a hazy altar of Hepliaklqana.
Found a glowing silver altar of Zin.
Found a shadowy altar of Dithmenos and a sparkling altar of Nemelex Xobeh.
Found a bloodstained altar of Trog and an ancient bone altar of Kikubaaqudgha.
There is a glowing silver altar of Zin here.
You are feeling hungry.
Search for what [? for help]? che Can't find anything matching that.
Unknown command.
Are you sure you want to abandon this character and quit the game? (Confirm with "yes".)

### #######
#######<######
##.....###.............
##.......####.........##
##.........####.......###
#...........# #.......# #
#...........# ##.....## #
#...........# #.....## #
#.......@...###...#...###
#..............#####....
##.......###### #####
###.##### ##......##
##........## #########
#..........# ##.......##
#..........# #..._._...#
##.........###._....._.##


There were no monsters in sight!

Vanquished Creatures
  A howler monkey (D:4)
  An orc priest (D:4)
  An orc wizard (D:3)
  An iguana (D:4)
  A worker ant (D:4)
  2 adders
  A worm (D:3)
  A leopard gecko (D:3)
  5 orcs
  3 giant cockroaches
  2 goblins
  A hobgoblin (D:3)
  A bat (D:3)
  3 frilled lizards
  2 kobolds
  2 rats
28 creatures vanquished.

Notes
Turn   | Place    | Note
-------+----------+-------------------------------------------
     0 | D:1      | letownia2 the Tengu Conjurer began the quest for the Orb.
     0 | D:1      | Reached XP level 1. HP: 10/10 MP: 4/4
   201 | D:3      | Noticed Sigmund
   232 | D:3      | Reached XP level 2. HP: 15/15 MP: 1/6
   237 | D:3      | Learned a level 2 spell: Searing Ray
   290 | D:3      | Reached skill level 6 in Conjurations
   352 | D:4      | Reached XP level 3. HP: 19/19 MP: 2/7
   366 | D:4      | Learned a level 3 spell: Dazzling Spray
   458 | D:3      | Found a sacrificial altar of Ru.
   516 | D:3      | Reached skill level 7 in Conjurations
   516 | D:3      | Reached XP level 4. HP: 13/24 MP: 0/8
   670 | D:4      | Found a basalt altar of Yredelemnul.
   718 | D:4      | Found a white marble altar of Elyvilon.
   764 | D:4      | Reached skill level 8 in Conjurations
   764 | D:4      | Gained mutation: You can fly. [Tengu growth]
   764 | D:4      | Reached XP level 5. HP: 10/28 MP: 2/9
   778 | D:4      | Gained mutation: You do not regenerate when monsters are visible. [potion of mutation]
   778 | D:4      | Gained mutation: You are weak. (Str -2) [potion of mutation]
   778 | D:4      | Gained mutation: You tend to lose your temper in combat. [potion of mutation]
   778 | D:4      | Gained mutation: Your mind is acute. (Int +2) [potion of mutation]
   896 | D:4      | Reached skill level 9 in Conjurations
   969 | D:4      | Found a staircase to the Ecumenical Temple.
   978 | Temple   | Entered the Ecumenical Temple
  1047 | Temple   | Quit the game

Skill      XL: |  1  2  3  4  5 |
---------------+----------------+-----
Conjurations   | 6 7 8 9 |  9.0
Dodging        | |  2.1
Stealth        | |  2.0
Spellcasting   | |  2.0

Action                   |  1- 3 |  4- 6 || total
-------------------------+-------+-------++-------
Melee: Dagger            |    10 |    19 ||    29
       Kick              |     2 |     4 ||     6
 Cast: Magic Dart        |    14 |    14 ||    28
       Searing Ray       |     4 |     2 ||     6
       Dazzling Spray    |     2 |     1 ||     3
  Use: Potion            |       |     3 ||     3
 Stab: Invisible         |     2 |       ||     2
       Sleeping          |       |     3 ||     3
       Paralysed         |       |     1 ||     1
  Eat: Chunk             |       |     1 ||     1
Armor: Robe              |       |     3 ||     3
Dodge: Dodged            |    13 |     9 ||    22
